Map: Automaton LE

Players

GhostHell

  • Race: Zerg Zerg
  • Spawn Location: 3:00

DIMAGA - Winner!

  • Race: Zerg Zerg
  • Spawn Location: 9:00

Event: 2019 WCS Spring

VOD

Have the link to the VOD?

Description

Time

  • Played on: May 17, 2019, 7:47 a.m.
  • Length: 10:30

All games in this series

Show
View Real Time Build Order
Export as new Build Order

GhostHell Zerg 

Build Orders: Pool First, Zergling Baneling 

Get SALT Encoding   

  12  0:01  Drone  
  13  0:13  Overlord  
  13  0:18  Drone  
  14  0:32  Drone x2  
  17  0:35  Drone  
  17  0:47  Extractor  
  17  0:48  Spawning Pool  
  15  0:52  Drone  
  16  0:57  Drone  
  17  1:10  Drone  
  18  1:21  Hatchery  
  17  1:36  Zergling x4  
  17  1:39  Queen  
  21  1:47  Overlord  
  21  1:55  Metabolic Boost  
  21  2:00  Drone  
  22  2:07  Drone  
  23  2:14  Drone  
  24  2:17  Queen  
  27  2:22  Drone  
  26  2:46  Zergling x8  
  26  2:48  Zergling x2  
  26  2:49  Zergling x4  
  32  2:55  Zergling x2  
  33  3:01  Overlord  
  33  3:07  Hatchery  
  32  3:26  Drone x4  
  36  3:27  Baneling Nest  
  36  3:28  Drone  
  36  3:31  Drone  
  37  3:34  Drone  
  37  3:40  Drone  
  39  3:44  Overlord  
  39  3:48  Zergling x2  
  39  3:49  Zergling x2  
  41  3:56  Zergling x6  
  42  4:04  Drone x3  
  44  4:10  Baneling x4  
  44  4:19  Zergling x10  
  44  4:22  Baneling x3  
  49  4:31  Baneling x2  
  49  4:45  Zergling x8  
  52  4:47  Overlord, Drone x4  
  52  4:52  Evolution Chamber  
  52  5:02  Zergling x12  
  49  5:16  Extractor  
  42  5:26  Drone  
  42  5:27  Drone x3  
  43  5:29  Queen  
  44  5:37  Drone  
  45  5:44  Zergling x10  
  45  5:46  Zergling x2  
  51  5:50  Baneling, Zerg Ground Armor Level 1  
  51  5:51  Baneling  
  51  5:54  Baneling  
  51  6:02  Zergling x2  
  51  6:03  Zergling x8  
  56  6:06  Drone  
  57  6:21  Drone  
  57  6:23  Drone x4  
  57  6:24  Zergling x6  
  65  6:31  Roach Warren  
  58  6:47  Overlord x2  
  58  6:55  Overlord  
  58  7:00  Zergling x2  
  58  7:01  Zergling x12  
  65  7:03  Overlord x2  
  65  7:13  Roach x3  
  66  7:23  Roach x4  
  70  7:30  Roach  
  70  7:31  Roach x2  
  73  7:44  Roach x5  
  73  7:49  Roach x2  
  82  7:55  Zergling x4  
  77  8:02  Zergling x2  
  77  8:03  Zergling x4  
  79  8:11  Roach x3  
  85  8:19  Baneling  
  84  8:20  Baneling x3  
  80  8:28  Baneling x2  
  80  8:32  Zergling x12  
  80  8:33  Zergling x2  
  78  8:46  Zergling x2  
  78  8:47  Zergling x10  
  71  8:59  Zergling x10  
  67  9:13  Zergling x2  
  67  9:14  Zergling x8  
  64  9:18  Zergling x2  
  64  9:19  Zergling x2  
  43  9:35  Zergling x14  
  45  9:46  Drone x3  
  44  9:58  Zergling x8  
  46  10:06  Zergling x8  
Show
View Real Time Build Order
Export as new Build Order

DIMAGA Zerg - Winner!

Build Orders: Hatch First, Zergling Baneling 

Get SALT Encoding   

  12  0:00  Drone  
  13  0:12  Overlord  
  13  0:18  Drone  
  14  0:30  Drone x2  
  16  0:49  Hatchery  
  15  0:52  Drone  
  15  0:55  Drone  
  17  0:59  Drone  
  18  1:09  Extractor  
  17  1:15  Spawning Pool  
  17  1:18  Drone  
  17  1:21  Drone  
  18  1:29  Drone  
  19  1:39  Drone  
  20  1:49  Drone  
  21  1:59  Overlord  
  21  2:02  Queen x2  
  21  2:03  Drone  
  26  2:10  Metabolic Boost  
  26  2:11  Zergling x2  
  27  2:16  Zergling x2  
  28  2:25  Zergling x4  
  30  2:38  Overlord  
  30  2:39  Drone  
  30  2:48  Hatchery  
  29  2:53  Baneling Nest  
  29  2:54  Drone  
  29  3:01  Drone x2  
  31  3:09  Drone x3  
  34  3:23  Zergling x10  
  36  3:28  Zergling x4  
  36  3:34  Zergling x2  
  39  3:38  Zergling x4  
  41  3:41  Baneling  
  41  3:42  Baneling  
  41  3:48  Zergling x6  
  44  3:49  Overlord  
  41  4:03  Zergling x6  
  41  4:08  Baneling  
  44  4:13  Baneling  
  44  4:14  Baneling  
  44  4:16  Zergling x10  
  49  4:17  Overlord  
  49  4:18  Zergling x2  
  49  4:23  Queen  
  52  4:33  Drone x5  
  57  4:41  Drone x2  
  58  4:47  Drone x4  
  61  4:53  Evolution Chamber  
  61  4:54  Baneling x3  
  61  4:58  Zergling x6  
  58  5:00  Zergling x2  
  58  5:04  Zergling x2  
  52  5:16  Zergling x14  
  52  5:19  Zergling x2  
  59  5:27  Zergling x6  
  59  5:32  Baneling x2  
  59  5:34  Zerg Melee Weapons Level 1  
  56  5:38  Extractor  
  55  5:47  Zergling x10  
  59  5:53  Lair  
  59  5:54  Drone x2  
  61  5:59  Baneling x2  
  61  6:01  Overlord  
  61  6:07  Extractor, Drone x4  
  61  6:08  Extractor  
  63  6:11  Baneling  
  63  6:12  Baneling  
  63  6:16  Baneling  
  63  6:18  Overlord  
  63  6:20  Zergling x4  
  63  6:21  Zergling x4  
  67  6:26  Zergling x2  
  64  6:48  Drone x13  
  76  6:58  Spire  
  75  7:07  Zergling x12  
  78  7:15  Zergling x2  
  78  7:16  Zergling x4  
  78  7:17  Overlord  
  81  7:23  Overlord  
  81  7:28  Baneling x2  
  78  7:31  Zergling x2  
  78  7:35  Zergling x8  
  81  7:42  Zergling x2  
  81  7:43  Zergling x8  
  84  7:48  Drone x4  
  81  7:59  Zergling x10  
  83  8:09  Mutalisk x5, Overlord  
  83  8:12  Mutalisk  
  95  8:16  Mutalisk  
  95  8:19  Baneling x2  
  96  8:21  Overlord  
  96  8:22  Zergling x2  
  96  8:23  Baneling x2  
  97  8:30  Mutalisk x3  
  101  8:35  Baneling  
  97  8:45  Mutalisk  
  88  8:50  Zergling x10  
  90  8:56  Mutalisk  
  90  9:01  Mutalisk  
  90  9:02  Zergling x2  
  90  9:05  Zergling x10  
  87  9:18  Zergling x10  
  87  9:23  Hatchery  
  80  9:24  Mutalisk  
  80  9:30  Mutalisk  
  80  9:31  Mutalisk, Queen, Zergling x2  
  79  9:32  Queen  
  85  9:41  Mutalisk  
  85  9:42  Zergling x2  
  88  9:55  Mutalisk  
  88  9:56  Zergling x2  
  90  10:00  Mutalisk  
  90  10:01  Zergling x2  
  90  10:02  Zergling x6  
Tags
 
Add a new tag
Caveats
  • Supply blocks, unpowered buildings, or Contaminate may cause inaccurate times.
  • Supply counts are checked every 10 seconds.